groovejumper, chaotic female human Monk --------- --------- --------- --------- --------- |........#####........| #........| |.......| |.......| |.......| |.......| #@#|.......| |......^.### |.......| |.......| |.......| # |........#####|.<.....| # |.......| |.......| |.......|### |.......| #).......| ###|.......| |.......| |.......-# |.......| |.......| #...>....| ---.----- ----.---- --------- -----.--- ----.---- ## ### ### ## # # # # ## ## #### ### -----+--- --|------ --------- -.------- -------.- |.......| |.......| |.......| |.......| |.......| |.......| |...|...| |[......| |.......| |.......| |.......| |.......| #-.......| |.......| |.......| |......+| |........#####|...>...| |.......| |.......| |.......| |.......| |.......| |.......| |.(.....| --------- --------- --------- --------- --------- groovejumper the Novice Experience level: 3 Strength: 15 Dexterity: 18 Constitution: 8 Intelligence: 9 Wisdom: 16 Charisma: 10 Health: 0(25) Energy: 12(12) AC: 4 Gold: 0 Moves: 1223 Your Inventory: Armor a - an uncursed +2 pair of leather gloves (being worn) b - an uncursed +1 robe (being worn) Comestibles f - 3 uncursed food rations g - 5 uncursed apples Scrolls d - an uncursed scroll of light n - a [cursed] scroll of teleportation o - 2 [uncursed] scrolls of remove curse q - an uncursed scroll of fire r - an uncursed scroll of create monster s - 2 [uncursed] scrolls of identify u - an [uncursed] unlabeled scroll [of blank paper] w - a cursed scroll of magic mapping x - a blessed scroll of teleportation y - an uncursed scroll of stinking cloud A - an [uncursed] scroll of identify B - an [uncursed] scroll of teleportation C - a [blessed] scroll of identify D - an uncursed scroll of confuse monster E - a [blessed] unlabeled scroll [of blank paper] F - a blessed scroll of remove curse H - an uncursed scroll of destroy armor I - an uncursed scroll of enchant weapon K - a [blessed] scroll of light Spellbooks c - a blessed spellbook of protection v - an uncursed spellbook of stone to flesh L - an uncursed spellbook of cause fear Potions e - 3 uncursed potions of healing j - an uncursed potion of monster detection k - an [uncursed] indigo potion [of hallucination] l - an [uncursed] potion of oil m - an uncursed potion of gain energy Spells known in the end: Name Level Category Fail Memory a - protection 1 clerical 0% [||||||||] b - detect monsters 1 divination 0% [||||||||] c - detect food 2 divination 31% [||||||||] Your skills at the end: Fighting Skills martial arts [Basic / Grand Master] Weapon Skills Spellcasting Skills healing spells [Basic / Expert] Final Attributes: You were devoutly aligned. Hunger level was 223. Your alignment was 16 / 16. Monster difficulty range was 0 - 2. Level difficulty was 2. You were immune to sleep. You were immune to poison. You saw invisible. You were fast. Your luck was zero. You are dead. Vanquished creatures: a shrieker 2 Kop Sergeants an acid blob a hobbit 4 giant rats a Keystone Kop 3 jackals 2 goblins a sewer rat a grid bug 2 lichens a newt 20 creatures vanquished. Voluntary challenges: You were an atheist. You were vegetarian. You never hit with a wielded weapon. You read items or engraved 8 times. You put on armor 2 times. You never genocided any monsters. You never polymorphed an object. You never changed form. You used no wishes. You never wrote Elbereth's name. You never encountered a bones level. You never used any Sokoban shortcuts. Dungeon overview: The Dungeons of Doom: levels 1 to 2 Level 1 a sink a long staircase Level 2 <- You were here a scroll shop a long staircase History has recorded: On T:1 you entered the Dungeons of Doom to retrieve the Amulet of Yendor! On T:164 you reached level 2 of The Dungeons of Doom. On T:313 you advanced to experience level 2. On T:393 you advanced to experience level 3. Latest messages: You escaped the shop without paying! You stole 4888 zorkmids worth of merchandise. An alarm sounds! The Keystone Kops are after you! Your surroundings suddenly seem different. The spellbook crumbles to dust! You hear a door open. You hear some noises in the distance. You can move again. [12 turns] There is an open door here. You see here a runed dagger. You kill the jackal! You hear a nearby zap. The wand hits you! You hear some noises in the distance. [HP-16=9] You miss Kiltamagh. Kiltamagh zaps a platinum wand! The wand hits you! You die... Kiltamagh takes all your possessions. Final status: Punardarsanaya groovejumper the Monk... You died in The Dungeons of Doom on dungeon level 2 with 248 points, and 0 pieces of gold, after 1223 moves. You were level 3 with a maximum of 25 hit points when you died.